SL
LAS VEGAS FLAMINGOS @ ROCKY MOUNTAIN NUGGETS
07/19/2021
 
TOP OF THE 1ST
Las Vegas Flamingos batting - Pitching for Rocky Mountain Nuggets : RHP Hunter Wilson
Pitching: RHP Hunter Wilson
Batting: RHB Aaron Harper 0-0: Ball
1-0: Ground out 6-3 (Groundball, 6)
Batting: RHB Wayne Bannatyne 0-0: Swinging Strike
0-1: Ground out 4-3 (Groundball, 4)
Batting: RHB Travis Newsome 0-0: Foul Ball, location: 2F
0-1: Called Strike
0-2: Strikes out swinging
Top of the 1st over - 0 run(s), 0 hit(s), 0 error(s), 0 left on base; Las Vegas 0 - Rocky Mountain 0
BOTTOM OF THE 1ST
Rocky Mountain Nuggets batting - Pitching for Las Vegas Flamingos : RHP Marshall Edwards
Pitching: RHP Marshall Edwards
Batting: LHB Chris Whiteside 0-0: Foul Ball, location: 2F
0-1: Swinging Strike
0-2: Ball
1-2: Strikes out swinging
Batting: LHB Randy Bowen 0-0: Swinging Strike
0-1: Ball
1-1: Swinging Strike
1-2: Ball
2-2: Foul Ball, location: 2F
2-2: Fly out, F8 (Flyball, 8RD)
Batting: RHB Michael Riley 0-0: Ball
1-0: Ball
2-0: Foul Ball, location: 2F
2-1: Ground out 4-3 (Groundball, 4)
Bottom of the 1st over - 0 run(s), 0 hit(s), 0 error(s), 0 left on base; Las Vegas 0 - Rocky Mountain 0
TOP OF THE 2ND
Las Vegas Flamingos batting - Pitching for Rocky Mountain Nuggets : RHP Hunter Wilson
Batting: LHB José Meléndez 0-0: Ball
1-0: Ground out 5-3 (Groundball, 56S)
Batting: RHB Matt Sheppard 0-0: Called Strike
0-1: Swinging Strike
0-2: Ball
1-2: Ball
2-2: Strikes out swinging
Batting: LHB Ron Goodwin 0-0: Ground out 1-3 (Groundball, 13)
Top of the 2nd over - 0 run(s), 0 hit(s), 0 error(s), 0 left on base; Las Vegas 0 - Rocky Mountain 0
BOTTOM OF THE 2ND
Rocky Mountain Nuggets batting - Pitching for Las Vegas Flamingos : RHP Marshall Edwards
Batting: RHB David Verhoeve 0-0: Called Strike
0-1: Swinging Strike
0-2: Strikes out swinging
Batting: RHB Toshitsugu Sakamoto 0-0: Swinging Strike
0-1: Swinging Strike
0-2: Ball
1-2: Foul Ball, location: 2F
1-2: Fly out, F6 (Popup, 56D)
Batting: SHB Jim Morris 0-0: SINGLE (Groundball, 34D)
Batting: RHB Juan Ávila 0-0: Ball
1-0: Foul Ball, location: 2F
1-1: Swinging Strike
1-2: Ball
2-2: Strikes out looking
Bottom of the 2nd over - 0 run(s), 1 hit(s), 0 error(s), 1 left on base; Las Vegas 0 - Rocky Mountain 0
TOP OF THE 3RD
Las Vegas Flamingos batting - Pitching for Rocky Mountain Nuggets : RHP Hunter Wilson
Batting: RHB San-gui Liang 0-0: Ball
1-0: Ball
2-0: Foul Ball, location: 2F
2-1: Swinging Strike
2-2: Foul Ball, location: 2F
2-2: Foul Ball, location: 2F
2-2: SINGLE (Line Drive, 56D)
Batting: RHB Steven Talley 0-0: Ball
1-0: DOUBLE (Groundball, 5L)
San-gui Liang to third
Batting: RHB Manny Freitas 0-0: Ball
1-0: Ball
2-0: Foul Ball, location: 2F
2-1: Swinging Strike
2-2: Ball
3-2: Fly out, F8 (Flyball, 8RM)
Runner from 3rd tags up, SCORES, throw made
Batting: RHB Aaron Harper 0-0: Swinging Strike
0-1: Ground out 6-3 (Groundball, 6)
Batting: RHB Wayne Bannatyne 0-0: Ball
1-0: Ball
2-0: Swinging Strike
2-1: Ball
3-1: Foul Ball, location: 2F
3-2: Strikes out swinging
Top of the 3rd over - 1 run(s), 2 hit(s), 0 error(s), 1 left on base; Las Vegas 1 - Rocky Mountain 0
BOTTOM OF THE 3RD
Rocky Mountain Nuggets batting - Pitching for Las Vegas Flamingos : RHP Marshall Edwards
Batting: LHB Egidio Agnolutto 0-0: Ball
1-0: Ground out 3-1 (Groundball, 34S)
Batting: SHB Jorge Colomo 0-0: Called Strike
0-1: Ground out U3 (Groundball, 3S)
Batting: LHB Chris Whiteside 0-0: Ground out U3 (Groundball, 3)
Bottom of the 3rd over - 0 run(s), 0 hit(s), 0 error(s), 0 left on base; Las Vegas 1 - Rocky Mountain 0
TOP OF THE 4TH
Las Vegas Flamingos batting - Pitching for Rocky Mountain Nuggets : RHP Hunter Wilson
Batting: RHB Travis Newsome 0-0: Foul Ball, location: 2F
0-1: Swinging Strike
0-2: Ground out 6-3 (Groundball, 6)
Batting: LHB José Meléndez 0-0: Fly out, F6 (Popup, 5D)
Batting: RHB Matt Sheppard 0-0: SINGLE (Line Drive, 6D)
Batting: LHB Ron Goodwin 0-0: Ball
1-0: Ball
2-0: Ball
3-0: Base on Balls
Matt Sheppard to second
Batting: RHB San-gui Liang 0-0: Ball
1-0: Ground out 1-3 (Groundball, 13S)
Top of the 4th over - 0 run(s), 1 hit(s), 0 error(s), 2 left on base; Las Vegas 1 - Rocky Mountain 0
BOTTOM OF THE 4TH
Rocky Mountain Nuggets batting - Pitching for Las Vegas Flamingos : RHP Marshall Edwards
Batting: LHB Randy Bowen 0-0: Foul Ball, location: 2F
0-1: Foul Ball, location: 2F
0-2: Ball
1-2: Ball
2-2: Strikes out swinging
Batting: RHB Michael Riley 0-0: Swinging Strike
0-1: Fly out, F3 (Popup, 3SF)
Batting: RHB David Verhoeve 0-0: Foul Ball, location: 2F
0-1: Ball
1-1: Ball
2-1: Ball
3-1: Swinging Strike
3-2: Ground out 5-3 (Groundball, 56S)
Bottom of the 4th over - 0 run(s), 0 hit(s), 0 error(s), 0 left on base; Las Vegas 1 - Rocky Mountain 0
TOP OF THE 5TH
Las Vegas Flamingos batting - Pitching for Rocky Mountain Nuggets : RHP Hunter Wilson
Batting: RHB Steven Talley 0-0: Foul Ball, location: 2F
0-1: Ball
1-1: Ground out 4-3 (Groundball, 4)
Batting: RHB Manny Freitas 0-0: Called Strike
0-1: Ball
1-1: Foul Ball, location: 2F
1-2: Fly out, F9 (Flyball, 9M)
Batting: RHB Aaron Harper 0-0: Ball
1-0: Ball
2-0: Ball
3-0: Foul Ball, location: 2F
3-1: Hit by Pitch
Batting: RHB Wayne Bannatyne 0-0: Called Strike
0-1: Ball
1-1: Ball
2-1: Foul Ball, location: 2F
2-2: Fly out, F9 (Flyball, 9M)
Top of the 5th over - 0 run(s), 0 hit(s), 0 error(s), 1 left on base; Las Vegas 1 - Rocky Mountain 0
BOTTOM OF THE 5TH
Rocky Mountain Nuggets batting - Pitching for Las Vegas Flamingos : RHP Marshall Edwards
Batting: RHB Toshitsugu Sakamoto 0-0: Called Strike
0-1: Ball
1-1: Fly out, F8 (Flyball, 8LM)
Batting: SHB Jim Morris 0-0: Foul Ball, location: 2F
0-1: Foul Ball, location: 2F
0-2: Fly out, F7 (Flyball, 7M)
Batting: RHB Juan Ávila 0-0: Called Strike
0-1: Foul Ball, location: 2F
0-2: Strikes out swinging
Bottom of the 5th over - 0 run(s), 0 hit(s), 0 error(s), 0 left on base; Las Vegas 1 - Rocky Mountain 0
TOP OF THE 6TH
Las Vegas Flamingos batting - Pitching for Rocky Mountain Nuggets : RHP Hunter Wilson
Batting: RHB Travis Newsome 0-0: Called Strike
0-1: Foul Ball, location: 2F
0-2: Ball
1-2: Ball
2-2: DOUBLE (Groundball, 5L)
Batting: LHB José Meléndez 0-0: Foul Ball, location: 2F
0-1: Swinging Strike
0-2: Strikes out swinging
Batting: RHB Matt Sheppard 0-0: Ball
1-0: Ball
2-0: Called Strike
2-1: Foul Ball, location: 2F
2-2: Ball
3-2: Strikes out swinging
Batting: LHB Ron Goodwin 0-0: Swinging Strike
0-1: Swinging Strike
0-2: Strikes out looking
Top of the 6th over - 0 run(s), 1 hit(s), 0 error(s), 1 left on base; Las Vegas 1 - Rocky Mountain 0
BOTTOM OF THE 6TH
Rocky Mountain Nuggets batting - Pitching for Las Vegas Flamingos : RHP Marshall Edwards
Batting: LHB Egidio Agnolutto 0-0: Ball
1-0: Ground out 4-3 (Groundball, 4)
Batting: SHB Jorge Colomo 0-0: Foul Ball, location: 2F
0-1: Foul Ball, location: 2F
0-2: Foul Ball, location: 2F
0-2: Ground out 4-3 (Groundball, 4)
Batting: LHB Chris Whiteside 0-0: Ball
1-0: Ground out 4-3 (Groundball, 4M)
Bottom of the 6th over - 0 run(s), 0 hit(s), 0 error(s), 0 left on base; Las Vegas 1 - Rocky Mountain 0
TOP OF THE 7TH
Las Vegas Flamingos batting - Pitching for Rocky Mountain Nuggets : RHP Hunter Wilson
Batting: RHB San-gui Liang 0-0: Called Strike
0-1: Fly out, F6 (Line Drive, 56)
Batting: RHB Steven Talley 0-0: Foul Ball, location: 2F
0-1: Ball
1-1: Fly out, F3 (Popup, 3S)
Batting: RHB Manny Freitas 0-0: Ball
1-0: Ball
2-0: DOUBLE (Flyball, 7D)
Batting: RHB Aaron Harper 0-0: Ground out 6-3 (Groundball, 6M)
Top of the 7th over - 0 run(s), 1 hit(s), 0 error(s), 1 left on base; Las Vegas 1 - Rocky Mountain 0
BOTTOM OF THE 7TH
Rocky Mountain Nuggets batting - Pitching for Las Vegas Flamingos : RHP Marshall Edwards
Batting: LHB Randy Bowen 0-0: SINGLE (Line Drive, 7S)
Batting: RHB Michael Riley 0-0: Grounds into double play, U4-3 (Groundball, 4M)
Batting: RHB David Verhoeve 0-0: Ball
1-0: Ground out 6-3 (Groundball, 6)
Bottom of the 7th over - 0 run(s), 1 hit(s), 0 error(s), 0 left on base; Las Vegas 1 - Rocky Mountain 0
TOP OF THE 8TH
Las Vegas Flamingos batting - Pitching for Rocky Mountain Nuggets : RHP Hunter Wilson
Batting: RHB Wayne Bannatyne 0-0: Ball
1-0: SINGLE (Groundball, 4MD) (infield hit)
Batting: RHB Travis Newsome 0-0: Called Strike
Wayne Bannatyne is caught stealing 2nd base
0-1: Foul Ball, location: 2F
0-2: Ball
1-2: Ball
2-2: Foul Ball, location: 2F
2-2: Ground out 5-3 (Groundball, 5)
Batting: LHB José Meléndez 0-0: Ground out 1-3 (Groundball, 25)
Top of the 8th over - 0 run(s), 1 hit(s), 0 error(s), 0 left on base; Las Vegas 1 - Rocky Mountain 0
BOTTOM OF THE 8TH
Rocky Mountain Nuggets batting - Pitching for Las Vegas Flamingos : RHP Marshall Edwards
Batting: RHB Toshitsugu Sakamoto 0-0: Foul Ball, location: 2F
0-1: Called Strike
0-2: Ball
1-2: Ground out 6-3 (Groundball, 6M)
Batting: SHB Jim Morris 0-0: Foul Ball, location: 2F
0-1: Ball
1-1: Ball
2-1: Reached on error, E4 (Groundball, 34)
Batting: RHB Juan Ávila 0-0: Called Strike
0-1: Called Strike
0-2: Ball
1-2: Ball
2-2: Strikes out swinging
Batting: LHB Egidio Agnolutto 0-0: Ball
1-0: Called Strike
1-1: Ball
2-1: Fielders Choice at 2nd, 6-4 (Groundball, 6)
Bottom of the 8th over - 0 run(s), 0 hit(s), 1 error(s), 0 left on base; Las Vegas 1 - Rocky Mountain 0
TOP OF THE 9TH
Las Vegas Flamingos batting - Pitching for Rocky Mountain Nuggets : RHP Hunter Wilson
Batting: RHB Matt Sheppard 0-0: Called Strike
0-1: Ball
1-1: Ball
2-1: Ground out U3 (Groundball, 3L)
Batting: LHB Ron Goodwin 0-0: Called Strike
0-1: Ground out 4-3 (Groundball, 4)
Batting: RHB San-gui Liang 0-0: Called Strike
0-1: Ground out U3 (Groundball, 3S)
Top of the 9th over - 0 run(s), 0 hit(s), 0 error(s), 0 left on base; Las Vegas 1 - Rocky Mountain 0
BOTTOM OF THE 9TH
Rocky Mountain Nuggets batting - Pitching for Las Vegas Flamingos : RHP Marshall Edwards
Pinch Hitting: SHB Quan Ge 0-0: Called Strike
0-1: Ball
1-1: Called Strike
1-2: Ball
2-2: Strikes out swinging
Batting: LHB Chris Whiteside 0-0: Called Strike
0-1: Swinging Strike
0-2: Ball
1-2: Foul Ball, location: 2F
1-2: Strikes out swinging
Batting: LHB Randy Bowen 0-0: Called Strike
0-1: Ball
1-1: Foul Ball, location: 2F
1-2: Foul Ball, location: 2F
1-2: Strikes out swinging
Bottom of the 9th over - 0 run(s), 0 hit(s), 0 error(s), 0 left on base; Las Vegas 1 - Rocky Mountain 0
This league is powered by Out of the Park Baseball, the baseball management simulation game for PC, Mac and Linux
Friday, January 22nd, 2016 - OOTP Baseball 16.9 Build 39